 Dungeon Crawl Stone Soup version 0.23-a0-512-g50a8178 (webtiles) character file.

84 zishaf the Skirmisher (level 4, 0/42 HPs)
             Began as a Minotaur Abyssal Knight on Dec 5, 2018.
             Was a Believer of Lugonu.
             Slain by an orc
             ... wielding a +0 flail
              (4 damage)
             ... on level 4 of the Dungeon.
             The game lasted 00:01:46 (1253 turns).

zishaf the Skirmisher (Minotaur Abyssal Knight)     Turns: 1253, Time: 00:01:46

Health: 0/42       AC:  3    Str: 18    XL:     4   Next: 24%
Magic:  4/4        EV: 11    Int:  9    God:    Lugonu [**....]
Gold:   67         SH:  0    Dex:  9    Spells: 3/3 levels left

rFire    . . .     SeeInvis .   a - +1 falchion
rCold    . . .     Gourm    .   (no shield)
rNeg     . . .     Faith    .   b - +0 leather armour
rPois    .         Spirit   .   (helmet restricted)
rElec    .         Reflect  .   (no cloak)
rCorr    .         Harm     .   (no gloves)
MR       .....                  (no boots)
Stlth    +.........             (no amulet)
HPRegen  0.14/turn              (no ring)
MPRegen  0.09/turn              (no ring)

@: no status effects
A: retaliatory headbutt, horns 2
a: Depart the Abyss, Bend Space, Renounce Religion


You were on level 4 of the Dungeon.
You worshipped Lugonu.
Lugonu was pleased with you.
You were not hungry.

You visited 1 branch of the dungeon, and saw 4 of its levels.
You visited the Abyss 1 time.

You collected 67 gold pieces.

Inventory:

Hand Weapons
 a - a +1 falchion (weapon)
Armour
 b - a +0 leather armour (worn)
Jewellery
 h - an uncursed ring of magical power {unknown}
 n - an uncursed amulet of regeneration {unknown}
Wands
 l - a wand of paralysis (7)
Scrolls
 f - 2 scrolls of remove curse {unknown}
 g - 3 scrolls of identify {unknown}
 i - a scroll of enchant weapon {unknown}
 o - a scroll of teleportation {unknown}
Potions
 e - a potion of brilliance {unknown}
 j - 4 potions of curing {unknown}
 k - a potion of haste {unknown}
 m - a potion of lignification {unknown}
Comestibles
 c - 3 rations
 d - 3 chunks of flesh


   Skills:
 * Level 5.1 Fighting
 + Level 3.4 Long Blades
 + Level 3.3 Armour
 - Level 1.1 Dodging
 - Level 1.7 Invocations


You had 3 spell levels left.
You didn't know any spells.
Your spell library was empty.

Dungeon Overview and Level Annotations

Branches:
Dungeon (4/15)
 Temple: D:4-7

Altars:
Ru


Innate Abilities, Weirdness & Mutations

You reflexively headbutt those who attack you in melee.
You have a pair of horns on your head.


Message History

The orc hits you but does no damage. The orc hits you with a +0 dagger.
* * * LOW HITPOINT WARNING * * *
You closely miss the orc.
The orc is heavily wounded.
The orc barely misses you. x3
You hit the orc.
You kill the orc!
Lugonu accepts your kill.
The orc barely misses you. x2; You furiously retaliate!
You headbutt the orc.
You kill the orc!
Lugonu accepts your kill.
You hit the orc.
You kill the orc!
Lugonu accepts your kill. The orc hits you with a +0 flail.
* * * LOW HITPOINT WARNING * * *
You closely miss the orc.
The orc is heavily wounded.
The orc hits you with a +0 flail.
You die...

................#
........#.......#######
.......[..............
........#.........#.#
.......##...........##
..#...#######..#.....#
####### ##..?#...#
##..#...# ##@)...#
......o)#...# .####....
...# #..... ....
#...... ### ####..#.
(.#.. .!. ##


You could see an orc.

Vanquished Creatures
  Natasha (D:4)
  An adder (D:3)
  An ooze (D:1)
  2 dart slugs
  4 orcs (D:4)
  5 bats
  3 goblins
  5 hobgoblins
  9 kobolds (D:1)
  A quokka (D:4)
  A ball python (D:1)
  A frilled lizard (D:3)
  A leopard gecko skeleton (D:4)
  6 rats
41 creatures vanquished.

Notes
Turn   | Place    | Note
-------+----------+-------------------------------------------
     0 | Abyss:1  | zishaf the Minotaur Abyssal Knight began the quest for the
                  | Orb.
     0 | Abyss:1  | Reached XP level 1. HP: 19/19 MP: 1/1
     1 | D:1      | Escaped the Abyss
    46 | D:1      | Reached * piety under Lugonu
    83 | D:1      | Reached skill level 4 in Fighting
    83 | D:1      | Reached XP level 2. HP: 16/27 MP: 2/2
   742 | D:1      | Reached XP level 3. HP: 34/34 MP: 3/3
  1133 | D:3      | Reached ** piety under Lugonu
  1201 | D:4      | Found a sacrificial altar of Ru.
  1240 | D:4      | Noticed Natasha
  1246 | D:4      | Killed Natasha
  1246 | D:4      | Reached skill level 5 in Fighting
  1246 | D:4      | Reached XP level 4. HP: 29/42 MP: 4/4
  1253 | D:4      | Slain by an orc

Vault maps used:
D:1:      denvon_arrival_planthouse
D:2:      lightli_temple_of_fire, chequers_ecumenical_altar_grove
D:3:      nicolae_gozag_cash_rules_everything_around_me, uniq_sigmund
D:4:      minmay_diamond_boxcup, chequers_temple_overflow_minitemple,
          nicolae_qazlal_style_of_elements, minmay_temple_entry_nine_rooms,
          biasface_ghost_orc_armoury, gup_sewer_entry_spiral,
          nicolae_ru_awakened_eye, uniq_natasha

Skill      XL: |  1  2  3 |
---------------+----------+-----
Fighting       | 4 5 |  5.1
Armour         | 3 |  3.3
Long Blades    | 3 |  3.4
Dodging        | |  1.1
Invocations    | |  1.7

Action                   |  1- 3 |  4- 6 || total
-------------------------+-------+-------++-------
Melee: Falchion          |    54 |     7 ||    61
       Headbutt          |    10 |     1 ||    11
Invok: Depart the Abyss  |     1 |       ||     1
  Eat: Chunk             |     1 |       ||     1
Armor: Leather armour    |     7 |       ||     7
Dodge: Dodged            |    43 |     7 ||    50
       Rpst.: Falchion   |    13 |     1 ||    14

Table legend:
 A = Non-vault XP
 B = Vault XP
 C = Vault XP percentage of total XP
 D = Non-vault monster count
 E = Vault monster count
 F = Vault count percentage of total count
                 A         B        C        D         E       F
            +---------+---------+-------+---------+---------+-------
      Total |      86 |      35 |  28.9 |      40 |       1 |   2.4
            +---------+---------+-------+---------+---------+-------
        D:1 |      41 |       0 |   0.0 |      24 |       0 |   0.0
        D:2 |      11 |       0 |   0.0 |       7 |       0 |   0.0
        D:3 |      15 |       0 |   0.0 |       2 |       0 |   0.0
        D:4 |      19 |      35 |  64.8 |       7 |       1 |  12.5
            +---------+---------+-------+---------+---------+-------
